Map: Nightscape LE

Players

Massa - Winner!

  • Race: Terran Terran
  • League: Platinum
  • Spawn Location: 7:00

qqq - Winner!

  • Race: Zerg Zerg
  • Spawn Location: 7:00

fazzel

  • Race: Zerg Zerg
  • League: Platinum
  • Spawn Location: 1:00

Sergeevich

  • Race: Terran Terran
  • Spawn Location: 1:00

VOD

Have the link to the VOD?

Description

Time

  • Played on: Nov. 2, 2020, 12:21 p.m.
  • Length: 11:33
Show
View Real Time Build Order
Export as new Build Order

Massa Terran - Winner!

Build Orders:  

Get SALT Encoding   

  12  0:01  SCV  
  13  0:13  SCV  
  14  0:22  Supply Depot  
  14  0:25  SCV  
  15  0:40  Refinery  
  15  0:44  SCV  
  15  0:46  Barracks  
  16  0:56  SCV  
  17  1:15  SCV  
  18  1:28  SCV  
  19  1:40  SCV  
  20  1:52  Reaper  
  22  1:57  Orbital Command  
  22  1:59  Command Center  
  21  2:10  Barracks  
  21  2:12  Supply Depot  
  21  2:19  Factory  
  21  2:25  Marine  
  22  2:33  SCV  
  23  2:44  Barracks Reactor  
  23  2:54  SCV  
  24  3:00  Marine  
  24  3:03  Factory Reactor  
  25  3:06  SCV  
  26  3:16  Orbital Command  
  26  3:17  Refinery, Marine  
  26  3:18  SCV  
  28  3:21  Marine  
  28  3:22  Marine  
  30  3:30  SCV  
  30  3:33  Starport  
  31  3:35  Marine  
  31  3:39  Marine  
  31  3:40  Hellion, Marine  
  36  3:42  SCV  
  36  3:43  Hellion  
  36  3:45  SCV  
  40  3:54  SCV  
  42  3:57  Marine  
  42  3:58  Marine  
  42  4:00  Barracks Tech Lab  
  42  4:02  Hellion  
  45  4:03  SCV  
  45  4:09  Supply Depot  
  46  4:14  Engineering Bay  
  46  4:16  Supply Depot  
  46  4:31  SCV, Hellion, Marine  
  50  4:41  Marauder, Marine  
  50  4:43  Stimpack  
  50  4:44  Widow Mine  
  55  4:48  Marine  
  55  4:52  Starport Tech Lab  
  58  4:53  Widow Mine  
  58  4:56  Refinery  
  58  4:58  Command Center  
  58  5:01  SCV x2  
  58  5:02  Marauder  
  62  5:13  Supply Depot  
  62  5:14  Supply Depot  
  62  5:18  Supply Depot  
  62  5:35  Widow Mine, SCV  
  65  5:48  Banshee  
  68  6:18  SCV  
  68  6:19  SCV  
  68  6:20  Refinery  
  68  6:21  Orbital Command  
  68  6:24  Cloaking Field  
  70  6:30  SCV  
  70  6:31  SCV, Banshee  
  75  6:34  Barracks  
  75  6:36  Factory Tech Lab  
  75  6:43  SCV  
  76  6:55  Orbital Command  
  76  7:01  Missile Turret  
  76  7:03  Missile Turret  
  76  7:05  SCV x2  
  76  7:06  Missile Turret  
  78  7:14  Missile Turret  
  78  7:15  Missile Turret  
  78  7:17  SCV  
  78  7:18  SCV  
  78  7:20  Siege Tank  
  78  7:22  Missile Turret  
  83  7:29  SCV  
  84  7:30  SCV  
  84  7:32  Marauder  
  84  7:33  Marine x4  
  84  7:35  Medivac  
  93  7:41  SCV, Command Center  
  93  7:42  SCV  
  95  7:47  Missile Turret  
  95  7:48  Missile Turret  
  95  7:50  Marine  
  96  7:52  Siege Tank  
  96  7:53  SCV  
  96  7:54  SCV, Marauder  
  97  8:08  Missile Turret  
  97  8:09  Missile Turret  
  97  8:15  Marauder, Marine x2  
  97  8:16  Marine x2  
  101  8:28  Supply Depot  
  101  8:29  Supply Depot  
  101  8:31  Missile Turret  
  94  8:42  Marine  
  94  8:43  Marine  
  93  8:49  Marine x2, Viking, Siege Tank  
  90  9:07  Marine  
  91  9:15  SCV x3  
  94  9:19  Viking  
  94  9:27  SCV x3  
  97  9:39  SCV x3  
  100  9:49  Viking  
  100  9:51  SCV x3  
  102  10:19  Medivac  
  92  10:40  Marine  
  92  10:41  Marine  
  92  10:42  Barracks Tech Lab, Marine  
  94  10:43  Marine  
  94  10:49  Medivac  
  98  10:58  Marine x2  
  98  11:00  Marine  
  98  11:01  Marine  
Show
View Real Time Build Order
Export as new Build Order

qqq Zerg - Winner!

Build Orders: Hatch First 

Get SALT Encoding   

  12  0:00  Drone  
  13  0:10  Drone  
  14  0:46  Hatchery  
  13  0:54  Spawning Pool  
  12  1:00  Overlord  
  12  1:05  Drone  
  12  1:10  Extractor  
  12  1:12  Drone  
  13  1:18  Drone  
  13  1:24  Drone  
  15  1:42  Drone  
  15  1:44  Drone  
  17  1:56  Drone  
  17  1:59  Drone  
  19  2:03  Queen  
  19  2:06  Queen  
  23  2:16  Drone  
  23  2:18  Drone x2  
  26  2:24  Metabolic Boost  
  26  2:31  Overlord  
  26  2:39  Drone x2  
  28  2:46  Overlord  
  28  2:50  Drone  
  29  2:55  Zergling x2  
  29  2:57  Drone  
  31  3:03  Zergling x2  
  32  3:07  Baneling Nest  
  32  3:12  Zergling x2  
  32  3:13  Zergling x4  
  34  3:26  Drone, Zergling x2  
  37  3:27  Zergling x2  
  37  3:28  Drone x2  
  37  3:29  Drone  
  37  3:33  Zergling x2  
  41  3:38  Lair  
  41  3:44  Overlord  
  40  3:50  Zergling x4  
  40  3:55  Baneling x4  
  42  3:59  Zergling x4  
  42  4:00  Overlord  
  44  4:03  Zergling x2  
  44  4:04  Zergling x2  
  44  4:05  Overlord  
  44  4:08  Zergling x2  
  47  4:16  Zergling x2  
  47  4:17  Drone  
  43  4:39  Zergling x6  
  43  4:40  Drone x2, Zergling x2  
  49  4:46  Drone  
  50  4:53  Drone  
  50  4:56  Hatchery  
  50  4:57  Zergling x4  
  50  4:59  Drone  
  53  5:06  Drone  
  53  5:07  Drone, Hatchery  
  55  5:08  Zergling x4  
  55  5:11  Overlord  
  56  5:20  Drone x4  
  60  5:21  Zergling x2  
  59  5:42  Drone x2  
  61  5:43  Extractor  
  61  5:49  Extractor  
  59  5:51  Extractor, Overlord  
  59  5:53  Drone x3  
  61  6:04  Overlord  
  61  6:11  Spire  
  60  6:17  Drone x2  
  62  6:20  Overlord  
  62  6:21  Overlord x2  
  62  6:23  Drone x3  
  66  6:32  Drone  
  66  6:33  Drone x2  
  68  6:44  Spore Crawler  
  67  6:48  Drone  
  67  6:49  Drone x3  
  70  7:05  Spore Crawler  
  70  7:08  Drone x3, Spore Crawler  
  70  7:09  Drone  
  70  7:10  Spine Crawler  
  70  7:13  Overlord x4  
  70  7:14  Drone x5  
  70  7:15  Drone  
  77  7:18  Spine Crawler  
  77  7:20  Spine Crawler  
  75  7:23  Mutalisk x2  
  75  7:25  Mutalisk  
  75  7:27  Mutalisk  
  83  7:38  Drone x4  
  83  7:42  Spore Crawler  
  86  7:44  Spore Crawler  
  86  7:49  Drone x2, Spore Crawler  
  86  7:57  Mutalisk x5  
  86  7:58  Mutalisk  
  93  8:00  Drone  
  78  8:14  Mutalisk x4  
  78  8:18  Drone x3  
  88  8:21  Spore Crawler  
  88  8:26  Zerg Flyer Weapons Level 1  
  87  8:33  Mutalisk  
  89  8:35  Overlord x4  
  89  8:36  Drone x2  
  91  8:53  Mutalisk x2  
  91  8:54  Drone x2  
  91  8:55  Drone x3  
  98  9:06  Drone x2  
  98  9:07  Mutalisk  
  98  9:08  Overlord x2  
  92  9:23  Drone x2, Mutalisk x2  
  96  9:37  Drone x3, Mutalisk x2  
  97  10:10  Drone x3  
  97  10:11  Drone x3, Mutalisk x3  
  107  10:16  Extractor  
  107  10:17  Extractor x2  
  107  10:19  Extractor  
  103  10:21  Mutalisk x2  
Show
View Real Time Build Order
Export as new Build Order

fazzel Zerg 

Build Orders: Hatch First 

Get SALT Encoding   

  12  0:02  Drone  
  13  0:10  Drone  
  14  0:16  Overlord  
  14  0:45  Drone  
  14  0:47  Hatchery  
  14  0:51  Drone  
  14  0:53  Drone  
  16  1:03  Extractor  
  15  1:21  Drone x3, Spawning Pool  
  17  1:34  Drone  
  18  1:43  Drone  
  19  1:54  Overlord  
  19  1:59  Drone  
  20  2:04  Drone  
  21  2:15  Queen x2  
  21  2:16  Drone  
  21  2:17  Drone  
  27  2:24  Extractor, Drone  
  27  2:26  Drone  
  28  2:33  Drone  
  28  2:35  Roach Warren  
  28  2:38  Drone  
  28  2:43  Drone  
  30  2:50  Overlord  
  30  2:53  Drone  
  31  3:06  Drone x2  
  33  3:16  Roach x2  
  33  3:19  Roach  
  39  3:25  Overlord  
  39  3:33  Roach  
  41  3:40  Roach  
  43  3:46  Roach  
  43  3:47  Roach  
  43  3:48  Roach x2  
  51  3:51  Ravager  
  51  3:54  Overlord x2  
  51  3:55  Overlord  
  52  4:05  Overlord  
  52  4:07  Lair  
  52  4:18  Roach x4  
  56  4:43  Roach x4  
  56  4:44  Roach  
  67  5:00  Drone x3  
  69  5:11  Spire  
  69  5:13  Extractor  
  67  5:14  Extractor  
  67  5:17  Ravager x2  
  69  5:21  Drone x3  
  69  5:22  Drone  
  72  5:31  Overlord  
  72  5:32  Overlord  
  72  5:54  Drone x6  
  78  5:59  Zergling x2  
  79  6:11  Spore Crawler  
  79  6:14  Drone, Spore Crawler  
  79  6:15  Drone  
  79  6:27  Zerg Flyer Weapons Level 1  
  79  6:28  Mutalisk x2  
  83  6:35  Overlord  
  83  6:36  Overlord x2  
  83  6:47  Hatchery  
  82  6:54  Mutalisk  
  82  6:55  Mutalisk x5  
  94  7:08  Mutalisk  
  94  7:11  Mutalisk  
  98  7:23  Mutalisk  
  100  7:41  Mutalisk x2  
  95  8:16  Mutalisk  
  95  8:17  Mutalisk x3  
  86  8:53  Mutalisk x2  
  86  8:54  Mutalisk x2  
  74  9:08  Drone x6  
  74  9:09  Drone x8  
  86  9:10  Queen  
  86  9:12  Overlord x3  
  76  9:32  Mutalisk x2  
  72  9:58  Mutalisk x3  
  74  10:13  Spore Crawler  
  73  10:16  Spore Crawler x2  
  73  10:19  Mutalisk x2  
  75  10:33  Mutalisk  
  75  10:34  Mutalisk x7  
  83  10:56  Mutalisk x2  
  64  11:07  Mutalisk  
  64  11:11  Extractor x2  
Show
View Real Time Build Order
Export as new Build Order

Sergeevich Terran 

Build Orders: Liberator Opening 

Get SALT Encoding   

  12  0:00  SCV  
  13  0:12  SCV  
  14  0:25  SCV  
  14  0:26  Supply Depot  
  15  0:31  Refinery  
  15  0:47  SCV  
  16  0:51  Barracks  
  16  0:59  SCV  
  17  1:05  Refinery  
  17  1:11  SCV  
  18  1:24  SCV  
  19  1:38  Orbital Command  
  19  1:41  Factory  
  19  1:46  Barracks Reactor  
  19  2:16  SCV  
  20  2:24  Marine x2  
  20  2:25  Supply Depot  
  20  2:26  Factory Tech Lab  
  20  2:28  SCV  
  23  2:41  Starport  
  23  2:47  SCV, Marine x2  
  26  3:01  Siege Tank  
  29  3:06  SCV  
  30  3:18  SCV  
  30  3:19  Liberator  
  34  3:22  Marine  
  35  3:55  Marine x2  
  35  4:01  Command Center  
  37  4:05  Supply Depot  
  37  4:09  Supply Depot  
  37  4:16  SCV  
  38  4:22  Liberator, Siege Tank  
  44  4:28  SCV  
  34  4:40  Marine x2  
  36  4:58  Marine x2  
  38  5:01  SCV  
  39  5:16  Refinery, Orbital Command  
  39  5:19  Siege Tank  
  39  5:20  Marine x2  
  44  5:22  Liberator  
  47  5:33  SCV  
  48  5:38  Marine  
  49  5:45  Marine  
  49  5:49  SCV x2  
  52  5:51  Bunker  
  52  5:56  Marine  
  52  5:57  Siege Tank  
  55  6:09  SCV x2  
  57  6:21  SCV x2  
  59  6:33  Marine x2  
  59  6:36  Siege Tank  
  64  6:41  Starport Reactor  
  64  6:43  Barracks x2  
  64  6:47  Barracks  
  64  6:49  Engineering Bay x2  
  64  6:51  Marine  
  65  6:55  Marine  
  63  7:09  Marine  
  63  7:10  SCV x2  
  63  7:13  Marine  
  67  7:20  Medivac x2  
  67  7:22  SCV  
  72  7:26  Marine  
  73  7:31  Marine  
  73  7:35  Barracks Tech Lab x2  
  74  7:40  Terran Infantry Armor Level 1  
  74  7:41  Terran Infantry Weapons Level 1  
  74  7:44  Marine  
  75  7:52  Barracks Reactor  
  73  8:12  Marine x4  
  68  8:14  Orbital Command, Liberator  
  68  8:16  Siege Tank  
  70  8:28  Missile Turret  
  70  8:29  Missile Turret  
  70  8:31  Marauder x2, Marine x3  
  77  8:42  SCV  
  78  8:57  SCV  
  78  8:58  Marauder  
  77  9:05  Missile Turret  
  77  9:07  Missile Turret  
  77  9:09  Marine  
  78  9:14  Marine x2  
  78  9:15  SCV, Stimpack  
  78  9:16  Marine x2, Combat Shield  
  76  9:19  Marine  
  76  9:22  SCV  
  68  9:27  SCV, Marine  
  67  9:34  SCV  
  67  9:36  Marine x5  
  73  9:39  SCV  
  74  9:46  SCV  
  74  9:51  SCV  
  73  10:00  Marine x5  
  78  10:15  Marine  
  78  10:16  Medivac  
  78  10:22  Medivac  
  66  10:51  Supply Depot  
  66  10:53  Supply Depot  
  66  10:54  Supply Depot  
  66  10:55  Supply Depot  
  66  11:13  Marine x5  
Tags
 
Add a new tag
Caveats
  • Supply blocks, unpowered buildings, or Contaminate may cause inaccurate times.
  • Supply counts are checked every 10 seconds.